 Dungeon Crawl Stone Soup version 0.20.0-4-g10b340a (webtiles) character file.

415 mopl the Covert (level 6, -1/52 HPs)
             Began as a Naga Assassin on May 27, 2017.
             Slain by a hound (4 damage)
             ... on level 3 of the Dungeon.
             The game lasted 00:06:16 (3502 turns).

mopl the Covert (Naga Assassin)                     Turns: 3502, Time: 00:06:16

Health: -1/52      AC:  8    Str: 14    XL:     6   Next: 92%
Magic:  6/6        EV:  9    Int: 11    God:
Gold:   179        SH:  0    Dex: 14    Spells: 5/5 levels left

rFire    . . .     SeeInvis +   a - +0 dagger (venom)
rCold    . . .     Gourm    .   (no shield)
rNeg     . . .     Faith    .   y - +2 robe
rPois    +         Spirit   .   w - +0 helmet
rElec    .         Reflect  .   d - +0 cloak
rCorr    .         Harm     .   x - +0 pair of gloves
MR       +....                  (no barding)
Stlth    +++++.....             (no amulet)
Regen    0.2/turn               t - ring of protection from magic
MPRegen  0.1/turn               F - ring of stealth

@: very slow
A: see invisible, deformed body, poison resistance, slowness 2, slow metabolism
1, spit poison 1, AC +2
a: Spit Poison


You were on level 3 of the Dungeon.
You were not hungry.

You visited 1 branch of the dungeon, and saw 4 of its levels.

You collected 179 gold pieces.

Inventory:

Hand Weapons
 a - a +0 dagger of venom (weapon)
 b - a +0 blowgun
Missiles
 e - 8 poisoned needles
 f - 2 curare-tipped needles
 u - 3 javelins
 v - 15 tomahawks (quivered)
Armour
 d - a +0 cloak (worn)
 h - a +0 buckler
 w - a +0 helmet (worn)
 x - a +0 pair of gloves (worn)
 y - a +2 robe (worn)
Jewellery
 t - a ring of protection from magic (left hand)
 z - an uncursed ring of protection from cold
 F - a ring of stealth (right hand)
Wands
 A - a wand of flame (29/48)
Scrolls
 j - 2 scrolls of fog {unknown}
 k - a scroll of random uselessness {unknown}
 l - a scroll of amnesia {unknown}
 m - 2 scrolls of magic mapping {unknown}
 o - a scroll of enchant weapon {unknown}
 p - 2 scrolls of teleportation {unknown}
 q - 4 scrolls of remove curse {unknown}
 B - 2 scrolls of immolation {unknown}
 D - a scroll of blinking {unknown}
 J - a scroll of fear {unknown}
Potions
 c - a potion of curing
 n - a potion of mutation {!q}
 s - a potion of magic
 E - a potion of heal wounds
 G - a potion of flight
 H - a potion of might
Comestibles
 g - 2 bread rations
 i - 2 royal jellies
 r - 2 meat rations
 C - 2 fruits
 I - a chunk of flesh


   Skills:
 - Level 2.0 Fighting
 + Level 4.0 Short Blades
 + Level 3.4 Throwing
 - Level 0.7 Dodging
 * Level 9.6 Stealth


You had 5 spell levels left.
You didn't know any spells.

Dungeon Overview and Level Annotations

Branches:
Dungeon (4/15)
 Temple: D:4-7

Altars:
Sif Muna
Uskayaw
Vehumet
Yredelemnul
The Shining One

Annotations:
D:3 nikopol's ghost, amateur GrFi
D:4 Pikel


Innate Abilities, Weirdness & Mutations

You cannot wear boots.
Your serpentine skin is tough. (AC +2)
You have supernaturally acute eyesight. (SInv)
Armour fits poorly on your strangely shaped body.
Your system is resistant to poisons. (rPois)
You cover ground very slowly.
You have a slow metabolism.
You can spit poison.


Message History

The hound closely misses you. The hound bites you.
* * * LOW HITPOINT WARNING * * *
The hound bites you but does no damage. The hound closely misses you.
There is a stone staircase leading up here.
The hound bites you.
* * * LOW HITPOINT WARNING * * *
You climb upwards.
Level annotation: nikopol's ghost, amateur GrFi Nikopol's ghost hits you!
* * * LOW HITPOINT WARNING * * *
There is a stone staircase leading down, spattered with blood here.
The hound bites you but does no damage. The hound bites you.
* * * LOW HITPOINT WARNING * * *
Nikopol's ghost barely misses you. The hound bites you but does no damage.
The hound barely misses you. The hound bites you.
You die...

##.#.........(##.##.#
##.#....#.(..###.##.#
#.....#..........##.########
#.._.....##..######.#......###
####.#.......#...............#
#......#.###.#.####.#.._..._.##
####.#.#.###.#.####.#.........#
####.#.#....Wh......#....⌠....#
#........[>..#@###..#.........#
######.#######.# #..#........##
######.# #.###..#...)_...#
#......# #.......>......##
######## #####..###.....# ###
#.........##### ..# #.##..###.#
### #.##..###.#####
#)##..........#


You could see a hound and nikopol's ghost.

Vanquished Creatures
  An orc warrior (D:3)
  A bullfrog (D:4)
  Crazy Yiuf (D:3)
  Jessica (D:2)
  An iguana (D:4)
  Natasha (thrice) (D:2)
  Robin (D:2)
  An adder (D:2)
  2 oozes
  3 worms
  3 dart slugs
  2 leopard geckos
  3 orcs
  4 giant cockroaches
  11 goblins
  8 hobgoblins
  A quokka (D:4)
  7 bats
  3 frilled lizards
  5 kobolds
  2 leopard gecko skeletons
  4 rats
68 creatures vanquished.

Notes
Turn   | Place    | Note
-------+----------+-------------------------------------------
     0 | D:1      | mopl the Naga Assassin began the quest for the Orb.
     0 | D:1      | Reached XP level 1. HP: 19/19 MP: 1/1
    85 | D:1      | Reached skill level 6 in Stealth
   123 | D:1      | Reached XP level 2. HP: 18/26 MP: 2/2
   701 | D:2      | Reached XP level 3. HP: 32/32 MP: 3/3
   934 | D:2      | Reached skill level 7 in Stealth
   970 | D:2      | Reached skill level 2 in Throwing
   982 | D:2      | Noticed Robin
  1013 | D:2      | Killed Robin
  1013 | D:2      | Reached XP level 4. HP: 11/39 MP: 4/4
  1594 | D:2      | Noticed Jessica
  1606 | D:2      | Killed Jessica
  1814 | D:2      | Noticed Natasha
  1821 | D:2      | Killed Natasha
  1821 | D:2      | Reached skill level 3 in Short Blades
  1821 | D:2      | Reached XP level 5. HP: 45/45 MP: 5/5
  1861 | D:2      | Reached skill level 8 in Stealth
  2006 | D:2      | Noticed Natasha
  2018 | D:2      | Killed Natasha
  2209 | D:2      | Noticed Natasha
  2223 | D:2      | Killed Natasha
  2454 | D:3      | Found a basalt altar of Yredelemnul.
  2457 | D:3      | Found a deep blue altar of Sif Muna.
  2457 | D:3      | Found a hide-covered altar of Uskayaw.
  2490 | D:3      | Found a radiant altar of Vehumet.
  2634 | D:3      | Found a glowing golden altar of the Shining One.
  2634 | D:3      | Noticed an orc warrior
  2677 | D:3      | Killed an orc warrior
  2677 | D:3      | Reached skill level 3 in Throwing
  2677 | D:3      | Reached skill level 9 in Stealth
  2677 | D:3      | Reached XP level 6. HP: 20/52 MP: 6/6
  2863 | D:3      | Found a runed door.
  2868 | D:3      | Noticed Crazy Yiuf
  2879 | D:3      | Killed Crazy Yiuf
  2922 | D:3      | Noticed nikopol's ghost (amateur GrFi)
  3460 | D:4      | Noticed a slave
  3460 | D:4      | Noticed a slave
  3462 | D:4      | Noticed a slave
  3463 | D:4      | Noticed Pikel
  3465 | D:4      | Reached skill level 4 in Short Blades
  3465 | D:4      | Noticed a slave
  3502 | D:3      | Slain by a hound

Skill      XL: |  1  2  3  4  5  6 |
---------------+-------------------+-----
Stealth        | 6 7 9 |  9.6
Throwing       | 2 3 |  3.4
Short Blades   | 3 4 |  4.0
Fighting       | |  2.0
Dodging        | |  0.7

Action                   |  1- 3 |  4- 6 || total
-------------------------+-------+-------++-------
Melee: Dagger            |    79 |   129 ||   208
 Fire: Blowgun           |       |     5 ||     5
 Abil: Spit Poison       |     5 |     2 ||     7
  Use: Scroll            |       |     5 ||     5
 Stab: Sleeping          |     6 |    13 ||    19
  Eat: Chunk             |       |     7 ||     7
Armor: Robe              |    18 |    56 ||    74
       Animal skin       |       |     4 ||     4
Dodge: Dodged            |    45 |    66 ||   111
